 Dungeon Crawl Stone Soup version 0.28-a0-1233-g92def6ad0a (webtiles) character file.

Game seed: 1884681216358053861

277 Grim the Poker (level 6, -3/47 HPs)
             Began as a Formicid Fighter on Dec 23, 2021.
             Slain by a steam dragon (4 damage)
             ... on level 7 of the Dungeon.
             The game lasted 00:04:56 (2968 turns).

Grim the Poker (Formicid Fighter)                   Turns: 2968, Time: 00:04:56

Health: -3/47      AC:  6    Str: 21    XL:     6   Next: 51%
Magic:  6/6        EV:  8    Int:  7    God:
Gold:   101        SH:  9    Dex: 12    Spells: 5/5 levels left

rFire   . . .      SeeInvis +   a - +0 trident
rCold   . . .      Faith    .   f - +0 kite shield
rNeg    . . .      Spirit   .   b - +0 scale mail
rPois   .          Reflect  .   (helmet unavailable)
rElec   .          Harm     .   (no cloak)
rCorr   .          Rampage  .   (no gloves)
Will    .....                   (no boots)
Stlth   ..........              (no amulet)
HPRegen 0.15/turn               (no ring)
MPRegen 0.10/turn               (no ring)

@: no status effects
A: permanent stasis, dig shafts and tunnels, antennae 3, four strong arms,
MP-powered wands
a: Dig, Shaft Self


You were on level 7 of the Dungeon.
You visited 1 branch of the dungeon, and saw 5 of its levels.

You collected 101 gold pieces.

Inventory:

Hand Weapons
 a - a +0 trident (weapon)
Missiles
 j - 3 boomerangs (quivered)
 k - 13 poisoned darts
Armour
 b - a +0 scale mail (worn)
 c - a +0 buckler
 f - a +0 kite shield (worn)
Jewellery
 m - a ring of willpower
Wands
 p - a wand of digging (4)
Scrolls
 e - 2 scrolls of teleportation {unknown}
 g - a scroll of holy word {unknown}
 i - a scroll of silence {unknown}
 n - a scroll of fear {unknown}
 o - a scroll of vulnerability {unknown}


   Skills:
 - Level 3.2 Fighting
 * Level 5.5 Polearms
 - Level 3.2 Armour
 + Level 5.3 Shields


You had 5 spell levels left.
You didn't know any spells.
Your spell library contained the following spells:

 Spells                   Type           Power      Damage    Failure   Level
 Animate Dead             Necr           0%         N/A       100%        4
 Borgnjor's Vile Clutch   Necr/Erth      0%         N/A       100%        5
 Death Channel            Necr           0%         N/A       100%        6


Dungeon Overview and Level Annotations

Branches:
Dungeon (5/15)
 Temple: D:4-7

Altars:
Hepliaklqana

Annotations:
D:4 Prince Ribbit
D:5 Eustachio


Innate Abilities, Weirdness & Mutations

You cannot be hasted, slowed, berserked, paralysed or teleported.
You can dig through walls and to a lower floor.
You have a pair of large antennae on your head. (SInv)
Your four strong arms can wield two-handed weapons with a shield.
You expend magic power (3 MP) to strengthen your wands.


Message History

The steam dragon breathes steam at you. The ball of steam hits you!
You hit the steam dragon.
The steam dragon is heavily wounded.
You are engulfed in a cloud of scalding steam.
The steam dragon bites you.
The steam dragon claws you but does no damage.
You barely miss the steam dragon.
The steam dragon is heavily wounded.
You are engulfed in a cloud of scalding steam.
* * * LOW HITPOINT WARNING * * *
The steam dragon completely misses you. You block the steam dragon's attack.
You block the steam dragon's attack. The steam dragon claws you.
* * * LOW HITPOINT WARNING * * *
You puncture the steam dragon!
The steam dragon is severely wounded.
You are engulfed in a cloud of scalding steam.
The steam dragon bites you.
* * * LOW HITPOINT WARNING * * *
The steam dragon claws you.
* * * LOW HITPOINT WARNING * * *
You block the steam dragon's attack. The steam dragon closely misses you.
The steam dragon breathes steam at you. The ball of steam hits you!
* * * LOW HITPOINT WARNING * * *
You barely miss the steam dragon.
The steam dragon is severely wounded.
The steam dragon misses you. The steam dragon claws you.
* * * LOW HITPOINT WARNING * * *
You hit the steam dragon.
The steam dragon is almost dead.
The steam dragon bites you but does no damage.
You block the steam dragon's attack.
You barely miss the steam dragon.
The steam dragon is almost dead.
The steam dragon breathes steam at you. The ball of steam hits you!
* * * LOW HITPOINT WARNING * * *
The steam dragon bites you.
You die...

#.#.# #.# #.#.# #.#
#...# #.# ..#.# #.#
#.#.# ## #.# .. #.# .
#.# #.####.#.# #.#
#.§§§§D#.# #.#
#.§§.@...# #.#
.##.###.#############.#
.......=>..............
#.###.##.###############
# # #.# #.# #.# #.# ..#


You could see a steam dragon (catching breath).

Vanquished Creatures
  A bullfrog (D:7)
  A gnoll shaman (D:4)
  A hound (D:4)
  3 iguanas (D:4)
  Robin (D:4)
  2 adders
  A dart slug (D:1)
  6 orcs (D:4)
  3 ball pythons
  4 bats
  2 endoplasms (D:4)
  A giant cockroach (D:1)
  7 goblins (D:4)
  2 hobgoblins
  5 kobolds
  3 frilled lizards (D:2)
  4 rats
47 creatures vanquished.

Notes
Turn   | Place    | Note
-------+----------+-------------------------------------------
     0 | D:1      | Grim the Formicid Fighter began the quest for the Orb.
     0 | D:1      | Reached XP level 1. HP: 18/18 MP: 1/1
   142 | D:1      | Reached XP level 2. HP: 20/24 MP: 2/2
   613 | D:2      | Reached XP level 3. HP: 7/29 MP: 3/3
  1032 | D:2      | You fall into a shaft and drop 2 floors!
  1075 | D:4      | Reached XP level 4. HP: 31/35 MP: 4/4
  1336 | D:4      | Noticed Robin
  1362 | D:4      | Killed Robin
  1363 | D:4      | Reached XP level 5. HP: 36/41 MP: 5/5
  2394 | D:4      | Found a hazy altar of Hepliaklqana.
  2439 | D:5      | Entered Level 5 of the Dungeon
  2443 | D:5      | Noticed Eustachio
  2456 | D:4      | Reached skill level 5 in Polearms
  2456 | D:4      | Reached skill level 5 in Shields
  2456 | D:4      | Reached XP level 6. HP: 20/47 MP: 6/6
  2657 | D:5      | Noticed Prince Ribbit
  2657 | D:5      | Noticed a necrophage
  2669 | D:4      | Gained mutation: You expend magic power (3 MP) to
                  | strengthen your wands. [potion of mutation]
  2675 | D:4      | You fall into a shaft and drop 3 floors!
  2957 | D:7      | Noticed a steam dragon
  2967 | D:7      | HP: 1/47 [steam dragon/ball of steam (7)]
  2968 | D:7      | Slain by a steam dragon

Illustrated notes

Levels and vault maps discovered:
D:1:      giann_wishing_wells, layout_basic
D:2:      layout_basic, hellmonk_ecumenical_altar_slurped_away
D:4:      layout_loops_cross, nicolae_hepliaklqana_hippocampus,
          minmay_misc_feat_enclosed, st_stairs_10, grunt_decor_junction,
          uniq_robin
D:5:      layout_rooms, serial_shops, shop_statue, shop, uniq_menkaure,
          uniq_pikel, uniq_crazy_yiuf_cottage, uniq_eustachio,
          uniq_prince_ribbit1
D:7:      layout_basic, minmay_temple_entry_large_hall, serial_shops,
          nicolae_shop_crystal

Skill      XL: |  1  2  3  4  5 |
---------------+----------------+-----
Polearms       | 3 4 5 |  5.5
Shields        | 4 5 |  5.3
Fighting       | |  3.2
Armour         | |  3.2

Action                   |  1- 3 |  4- 6 || total
-------------------------+-------+-------++-------
Melee: Trident           |    80 |   110 ||   190
Throw: Boomerang         |       |     7 ||     7
 Abil: Dig               |       |     1 ||     1
       Shaft Self        |       |     1 ||     1
  Use: Potion            |       |     3 ||     3
Armor: Scale mail        |    45 |    29 ||    74
Dodge: Dodged            |    23 |    22 ||    45
Block: Buckler           |     4 |       ||     4
       Kite shield       |    29 |    52 ||    81

Table legend: (Time is in decaauts)
 A = Elapsed time spent in this place.
 B = Non-inter-level travel time spent in this place.
 C = Inter-level travel time spent in this place.
 D = Time resting spent in this place.
 E = Time spent auto-exploring this place.
 F = Levels seen in this place.
 G = Mean time per level.
                   A        B        C        D        E       F      G
               +--------+--------+--------+--------+--------+-----+--------+
         Total |   3018 |   2941 |     77 |   1048 |   1419 |   5 |  603.6 |
       Dungeon |   3018 |   2941 |     77 |   1048 |   1419 |   5 |  603.6 |
               +--------+--------+--------+--------+--------+-----+--------+

Top non-repeatable levels by time:
     D:4: 1664 daAuts
     D:1: 596 daAuts
     D:2: 454 daAuts
     D:7: 294 daAuts
     D:5: 8 daAuts
